 Dungeon Crawl Stone Soup version 0.31.0-32-g396128a36d (webtiles) character file.

Game seed: 13444658454524792455

5513 PaiMei the Scholar of Death (level 10, -2/77 HPs)
             Began as a Demonspawn Necromancer on Mar 29, 2024.
             Was a Follower of Kikubaaqudgha.
             Slain by a blink frog (8 damage)
             ... led by Prince Ribbit
             ... on level 1 of the Lair of Beasts.
             The game lasted 00:24:54 (16715 turns).

PaiMei the Scholar of Death (DsNe)                 Turns: 16715, Time: 00:24:54

Health: -2/77      AC: 10    Str: 11    XL:     10   Next: 43%
Magic:  14/21      EV: 15    Int: 21    God:    Kikubaaqudgha [*.....]
Gold:   532        SH:  4    Dex: 15    Spells: 11/24 levels left

rFire   . . .        t - +0 falchion of Causality {flame, rN++ Will+ Dex+2 Stlth+}
rCold   . . .        K - +0 buckler
rNeg    + + .        M - +0 steam dragon scales
rPois   +            (no helmet)
rElec   .            (cloak unavailable)
rCorr   .            u - +0 pair of gloves
SInv    .            s - +1 pair of boots of Insurance {rPois Will- Str+3}
Will    .....        (no amulet)
Stlth   ++++         (no ring)
HPRegen 0.32/turn    (no ring)
MPRegen 0.17/turn

%: no passive effects
@: no status effects
A: yellow scales 1, demonic magic 1, weakness stinger 3
a: Renounce Religion, Unearth Wretches


You were on level 1 of the Lair of Beasts.
You worshipped Kikubaaqudgha.
Kikubaaqudgha was aware of your devotion.
You visited 3 branches of the dungeon, and saw 12 of its levels.
You also visited: Ossuary.

You collected 640 gold pieces.
You spent 108 gold pieces at shops.

Inventory:

Hand Weapons
 t - the +0 falchion of Causality (weapon) {flame, rN++ Will+ Dex+2 Stlth+}
   (You found it on level 4 of the Dungeon)

   Dex+2:     It affects your dexterity (+2).
   rN++:      It greatly protects you from negative energy.
   Will+:     It increases your willpower.
   Stlth+:    It makes you more stealthy.
 J - a +2 flail of protection
 L - a +2 heavy trident
Missiles
 n - 16 poisoned darts (quivered)
Armour
 c - a +0 pair of boots
 e - a +3 ring mail
 s - the +1 pair of boots of Insurance (worn) {rPois Will- Str+3}
   (You found it on level 3 of the Dungeon)

   Str+3:     It affects your strength (+3).
   rPois:     It protects you from poison Will-: It decreases your willpower.
 u - a +0 pair of gloves (worn)
 I - a +2 kite shield
 K - a +0 buckler (worn)
 M - +0 steam dragon scales (worn)
Wands
 r - a wand of iceblast (15)
Scrolls
 a - a scroll of silence {unknown}
 d - a scroll of blinking {unknown}
 f - 3 scrolls of teleportation
 i - 3 scrolls of amnesia {unknown}
 o - 3 scrolls of enchant armour {unknown}
 w - 2 scrolls of revelation {unknown}
 y - a scroll of enchant weapon {unknown}
 A - 3 scrolls of poison {unknown}
 D - 2 scrolls of fear {unknown}
 E - a scroll of fog
 H - a scroll of torment {unknown}
Potions
 b - 2 potions of magic
 h - 3 potions of heal wounds
 j - a potion of invisibility {unknown}
 k - a potion of ambrosia {unknown}
 l - a potion of curing {unknown}
 p - 2 potions of berserk rage {unknown}
 v - 2 potions of brilliance {unknown}
 x - a potion of lignification {unknown}
 z - 2 potions of resistance
 B - 2 potions of attraction
 C - 2 potions of haste
 F - a potion of cancellation {unknown}


   Skills:
 + Level 6.7 Fighting
 + Level 7.4 Dodging
 - Level 4.0 Stealth
 + Level 7.5 Spellcasting
 + Level 9.7 Necromancy


You had 11 spell levels left.
You knew the following spells:

 Your Spells              Type           Power      Damage    Failure   Level
a - Necrotise             Necr           100%       1d9       1%          1
b - Vampiric Draining     Necr           48%        2d9       1%          3
c - Animate Dead          Necr           48%        N/A       2%          4
d - Curse of Agony        Necr           48%        N/A       6%          5

Your spell library contained the following spells:

 Spells                   Type           Power      Damage    Failure   Level
 Fugue of the Fallen      Necr           48%        N/A       1%          3
 Cigotuvi's Dreadful Rot  Necr/Alch/Air  42%        N/A       4%          2
 Death Channel            Necr           24%        N/A       34%         6
 Gell's Gravitas          Tloc           7%         N/A       36%         3
 Teleport Other           Tloc           7%         N/A       36%         3
 Borgnjor's Vile Clutch   Necr/Erth      14%        N/A       43%         5
 Dispersal                Tloc           3%         N/A       100%        6


Dungeon Overview and Level Annotations

Branches:
Dungeon (10/15)            Temple (1/1) D:6            Lair (1/5) D:9
Ossuary (visited)
    Orc: D:9-12

Altars:
Ashenzari
Cheibriados
Dithmenos
Fedhas
Gozag
Hepliaklqana
Kikubaaqudgha
Makhleb
Nemelex Xobeh
Okawaru
Qazlal
Ru
Trog
Uskayaw
Vehumet
Wu Jian
Xom
Yredelemnul

Shops:
D:6 *

Annotations:
D:4 2 runed translucent doors, Buffagor's ghost, amateur OpSh
D:8 4 transporters, Gastronok
D:10 Josephine
Lair:1 Prince Ribbit


Innate Abilities, Weirdness & Mutations

You are partially covered in yellow scales. (AC +2)
Spells you cast may paralyse adjacent enemies.
You have a sharp stinger which inflicts weakening toxins.


Message History

Aim: a blink frog (moderately wounded)
You draw life force from the blink frog!
Malevolent energies surge around you.
The blink frog suddenly stops moving!
The blink frog blinks!
The helpless blink frog fails to defend itself.
You hit the blink frog. You burn the blink frog.
The blink frog is severely wounded.
The blink frog is no longer paralysed.
The blink frog blinks! x2
Prince Ribbit hits you!
Casting: Vampiric Draining (safe; 1% risk of failure)
Confirm with . or Enter, or press ? or * to list all spells.
Aiming: Vampiric Draining (safe; 1% risk of failure)
Press: ? - help, Shift-Dir - straight line, f - Prince Ribbit
Aim: Prince Ribbit (translocational energy)
You draw life force from Prince Ribbit.
You feel life coursing into your body. Malevolent energies surge around you.
The water moccasin suddenly stops moving!
The blink frog suddenly stops moving!
Prince Ribbit hits you!
The helpless blink frog fails to defend itself.
You slash the blink frog! You burn the blink frog.
The blink frog is moderately wounded.
Prince Ribbit hits you. The blink frog hits you.
The blink frog blinks!
Prince Ribbit hits you!
The helpless water moccasin fails to defend itself.
You hit the water moccasin. You burn the water moccasin.
The water moccasin is lightly wounded.
The blink frog is no longer paralysed.
The blink frog hits you! Prince Ribbit closely misses you.
The blink frog barely misses you.
The blink frog hits the fungus!
The fungus begins to die.
The blink frog hits you. Prince Ribbit closely misses you.
The helpless water moccasin fails to defend itself.
You hit the water moccasin. You burn the water moccasin.
The water moccasin is moderately wounded.
The blink frog hits you!
* * * LOW HITPOINT WARNING * * *
The blink frog hits the fungus!!
The blink frog hits you!
* * * LOW HITPOINT WARNING * * *
Prince Ribbit blinks!
The blink frog blinks!
The blink frog hits you!
You die...
Kikubaaqudgha rasps: "You have failed me!
Welcome... death!"

## ##### # ..
... ...
#.#.#.##.....
#....@FP....#
#...FSĀ§.....#
.........#.....
..+......# ...#
. #......# ...
...F..... .#
..+....F.# #
..#......+


You could see Prince Ribbit, 3 blink frogs and a water moccasin (paralysed).

Vanquished Creatures
  A necromancer (D:9)
  An elephant (D:9)
  2 polar bears (D:9)
  A basilisk (D:9)
  2 steam dragons
  2 water moccasins
  An ice beast (D:7)
  2 orc warriors
  A sky beast (D:8)
  A black bear (D:5)
  An ogre (D:6)
  2 centaurs
  3 kobold brigands
  3 bullfrogs
  A gnoll sergeant (D:8)
  3 scorpions
  8 wights
  5 killer bees (D:8)
  A howler monkey (D:6)
  2 bombardier beetles (D:4)
  2 jellies
  5 orc priests
  A hound (D:5)
  An iguana (D:6)
  2 orc wizards
  A polar bear simulacrum (D:9)
  A yak simulacrum (D:9)
  4 wolf simulacra (D:9)
  8 mummies (Ossuary)
  7 gnolls
  5 adders
  A river rat (D:9)
  A shadow imp (D:7)
  A white imp (D:5)
  A dart slug (D:2)
  3 ribbon worms
  14 orcs
  11 ball pythons
  4 endoplasms
  A giant cockroach (D:4)
  3 gnoll zombies (Ossuary)
  9 goblins
  6 hobgoblins
  6 jackals
  22 kobolds
  4 quokkas
  6 bats
  A frilled lizard (D:2)
  2 hobgoblin zombies (Ossuary)
  A kobold zombie (Ossuary)
  2 orc zombies (Ossuary)
  9 rats
  4 river rat simulacra (D:9)
192 creatures vanquished.

Vanquished Creatures (collateral kills)
  A vampire (D:9)
  A shadow (D:9)
  A yak (D:9)
  A basilisk (D:9)
  A black bear (D:9)
  3 wights (D:9)
  An orc priest (D:5)
  An orc wizard (D:9)
  An adder (D:4)
  An orc (D:5)
  A hobgoblin (D:1)
13 creatures vanquished.

Vanquished Creatures (others)
  A polar bear zombie (D:9)
1 creature vanquished.

Grand Total: 206 creatures vanquished

Notes
Turn   | Place    | Note
-------+----------+-------------------------------------------
     0 | D:1      | PaiMei the Demonspawn Necromancer began the quest for the
                  | Orb.
     0 | D:1      | Reached XP level 1. HP: 13/13 MP: 3/3
   240 | D:1      | Gained mutation: You have a small tail. [demonic ancestry]
   240 | D:1      | Reached XP level 2. HP: 18/19 MP: 0/5
   940 | D:1      | Reached XP level 3. HP: 24/24 MP: 4/6
   944 | D:1      | Learned a level 3 spell: Vampiric Draining
  1730 | D:2      | Found a faded altar of an unknown god.
  2513 | D:2      | Gained mutation: Spells you cast may paralyse adjacent
                  | enemies. [demonic ancestry]
  2513 | D:2      | Reached XP level 4. HP: 19/30 MP: 0/7
  2789 | D:2      | Reached skill level 5 in Necromancy
  3300 | D:3      | Reached XP level 5. HP: 32/35 MP: 5/9
  3668 | D:3      | Identified the +1 pair of boots of Insurance {rPois Will-
                  | Str+3}
  3838 | D:3      | Found a faded altar of an unknown god.
  3842 | D:3      | Found a sparkling altar of Nemelex Xobeh.
  3861 | D:4      | Identified the +0 falchion of Causality {flame, rN++ Will+
                  | Dex+2 Stlth+}
  3989 | D:4      | Gained mutation: You are partially covered in yellow
                  | scales. (AC +2) [demonic ancestry]
  3989 | D:4      | Reached XP level 6. HP: 41/41 MP: 0/11
  4303 | D:4      | Found a large runed translucent door.
  4305 | D:4      | Found a large runed translucent door.
  4309 | D:4      | Noticed Buffagor's ghost (amateur OpSh)
  4641 | D:5      | Entered Level 5 of the Dungeon
  5111 | D:5      | Reached XP level 7. HP: 46/46 MP: 0/12
  5272 | D:5      | Reached skill level 6 in Necromancy
  5616 | D:5      | Reached skill level 1 in Fighting
  6301 | D:6      | Noticed a steam dragon
  6449 | D:6      | Found a sand-covered staircase.
  6454 | Ossuary  | Entered an ossuary
  7014 | Ossuary  | Reached XP level 8. HP: 56/57 MP: 14/14
  7508 | D:6      | Found a staircase to the Ecumenical Temple.
  7515 | Temple   | Entered the Ecumenical Temple
  7525 | Temple   | Became a worshipper of Kikubaaqudgha
  7687 | D:6      | Identified the +0 chain mail of Impressiveness {Str+3}
  8009 | D:6      | Found Omosm's General Store.
  8445 | D:6      | Reached skill level 7 in Necromancy
  8664 | D:6      | Learned a level 4 spell: Animate Dead
  8733 | D:6      | Reached skill level 5 in Dodging
  8733 | D:6      | Reached skill level 5 in Spellcasting
  9190 | D:6      | HP: 2/56 [wight/+4 morningstar (9)]
  9837 | D:6      | Bought a potion of heal wounds for 60 gold pieces
  9837 | D:6      | Bought a scroll of fog for 48 gold pieces
 10480 | D:7      | Found a blossoming altar of Fedhas.
 10525 | D:7      | Noticed a gargoyle
 11166 | D:8      | Gained mutation: You have a tail ending in a sharp stinger.
                  | [demonic ancestry]
 11166 | D:8      | Reached XP level 9. HP: 66/66 MP: 8/17
 11270 | D:8      | Reached skill level 8 in Necromancy
 11518 | D:8      | Found a transporter.
 11520 | D:8      | Found a transporter.
 11524 | D:8      | Found a transporter.
 11706 | D:8      | Reached skill level 5 in Fighting
 12009 | D:8      | Found a transporter.
 12188 | D:8      | Noticed Gastronok
 12229 | D:7      | Reached * piety under Kikubaaqudgha
 12229 | D:7      | Received a gift from Kikubaaqudgha
 13364 | D:9      | Noticed a polar bear
 13364 | D:9      | Noticed a necromancer
 13364 | D:9      | Noticed a polar bear
 13476 | D:9      | Killed a polar bear
 13720 | D:9      | Found a staircase to the Lair.
 13720 | D:9      | Noticed an elephant
 13741 | D:9      | Killed an elephant
 13749 | D:9      | Reached skill level 9 in Necromancy
 14076 | D:9      | Gained mutation: You have a sharp stinger which inflicts
                  | weakening toxins. [demonic ancestry]
 14076 | D:9      | Reached XP level 10. HP: 76/76 MP: 3/20
 15619 | D:9      | Killed a necromancer
 16046 | D:10     | Entered Level 10 of the Dungeon
 16058 | D:10     | Learned a level 5 spell: Curse of Agony
 16091 | D:10     | Noticed Josephine
 16707 | Lair:1   | Entered Level 1 of the Lair of Beasts
 16707 | Lair:1   | Noticed Prince Ribbit
 16715 | Lair:1   | Slain by a blink frog

Illustrated notes

Levels and vault maps discovered:
D:1:      dpeg_arrival_shelter, layout_loops_corners, nicolae_hexahallways
D:2:      layout_loops_ring, basic_ecumenical_altar, uniq_robin
D:3:      layout_basic, nicolae_overflow_ecumenical_swirl
D:4:      layout_rooms, ebering_ghost_disaster_area, minmay_surrounded
D:5:      layout_gridville
D:6:      layout_gridville, temple_fountains, enter_ossuary_2, serial_shops,
          nicolae_shop_tiny_statue_garden, kennysheep_generic_room_2
D:7:      layout_cave_pools, mainiacjoe_overflow_paths
D:8:      layout_loops_ring, nicolae_diode_intersection, uniq_gastronok
D:9:      layout_long_grid, david_lair_generic,
          nicolae_concentric_dashed_squares_mild, eino_house_with_fridge
D:10:     layout_basic, lemuel_blue_sif_altar, serial_shops, shop, uniq_maurice,
          uniq_josephine
Temple:   hellmonk_temple_of_storms
Lair:1:   layout_regular_city, uniq_prince_ribbit2, uniq_joseph, uniq_amaemon,
          uniq_harold

Skill      XL: |  1  2  3  4  5  6  7  8  9 10 |
---------------+-------------------------------+-----
Stealth        | 2 3 4 |  4.0
Dodging        | 2 3 4 5 6 7 |  7.4
Necromancy     | 5 6 7 9 |  9.7
Spellcasting   | 3 4 5 6 7 |  7.5
Fighting       | 2 4 6 |  6.7

Action                     |  1- 3 |  4- 6 |  7- 9 | 10-12 || total
---------------------------+-------+-------+-------+-------++-------
  Melee: Short sword       |    26 |     3 |       |       ||    29
         Tailslap          |     2 |     4 |    34 |    15 ||    55
         Whip              |       |     3 |       |       ||     3
         Falchion          |       |    15 |   181 |    91 ||   287
   Cast: Necrotise         |    96 |    72 |    69 |     6 ||   243
         Vampiric Draining |       |    15 |    72 |    13 ||   100
         Animate Dead      |       |       |     1 |     1 ||     2
    Use: Scroll            |       |       |     7 |     1 ||     8
   Stab: Paralysed         |       |     7 |    20 |     7 ||    34
         Sleeping          |       |     2 |     1 |       ||     3
         Distracted        |       |       |     1 |       ||     1
 Armour: Robe              |    22 |    18 |   102 |       ||   142
         Steam dragon scal |       |       |    84 |    93 ||   177
  Dodge: Dodged            |    33 |    26 |   163 |   100 ||   322
  Block: Buckler           |       |       |    30 |    24 ||    54
